 Dungeon Crawl Stone Soup version 0.28.0-53-g5a82cb258f (webtiles) character file.

Game seed: 4781055983924656859

212 buhh the Skirmisher (level 5, -1/39 HPs)
             Began as an Octopode Transmuter on June 18, 2022.
             Slain by a phantom (7 damage)
             ... on level 4 of the Dungeon.
             The game lasted 00:07:39 (3823 turns).

buhh the Skirmisher (Octopode Transmuter)           Turns: 3823, Time: 00:07:40

Health: -1/39      AC:  1    Str: 10    XL:     5   Next: 89%
Magic:  8/8        EV: 12    Int: 17    God:
Gold:   77         SH:  3    Dex: 12    Spells: 7/8 levels left

rFire   . . .      SeeInvis .   b - +0 short sword (drain)
rCold   . . .      Faith    .   d - +0 buckler
rNeg    . . .      Spirit   .   (helmet restricted)
rPois   .          Reflect  .   (no amulet)
rElec   .          Harm     .   i - ring of resist corrosion
rCorr   +          Rampage  .   (no ring)
Will    .....                   (no ring)
Stlth   +++.......              (no ring)
HPRegen 0.13/turn               (no ring)
MPRegen 0.11/turn               (no ring)
                                (no ring)
                                (no ring)

@: about to teleport
A: almost no armour, amphibious, 8 rings, camouflage 1, gelatinous body 1,
(nimble swimmer 1), tentacles
a: no special abilities


You were on level 4 of the Dungeon.
You visited 1 branch of the dungeon, and saw 4 of its levels.

You collected 265 gold pieces.
You spent 188 gold pieces at shops.

Inventory:

Hand Weapons
 b - a +0 short sword of draining (weapon)
 f - a +0 hunting sling
Armour
 d - a +0 buckler (worn)
Jewellery
 i - a ring of resist corrosion (left tentacle)
Scrolls
 a - 3 scrolls of fear {!r}
 c - 2 scrolls of noise
 g - a scroll of identify {!d}
 j - a scroll of enchant weapon {unknown}
 t - 2 scrolls of teleportation {!d}
 Q - a scroll of fog
Potions
 e - a potion of lignification {unknown}
 h - a potion of berserk rage {!q}


   Skills:
 + Level 5.5 Fighting
 - Level 2.0 Dodging
 - Level 1.0 Stealth
 - Level 3.0 Unarmed Combat
 - Level 2.0 Spellcasting
 - Level 2.0 Transmutations
 * Level 0.0 Ice Magic


You had 7 spell levels left.
You knew the following spells:

 Your Spells              Type           Power      Damage    Failure   Level
a - Beastly Appendage     Tmut           16%        N/A       12%         1

Your spell library contained the following spells:

 Spells                   Type           Power      Damage    Failure   Level
 Wereblood                Tmut           8%         N/A       17%         2
 Spider Form              Tmut/Pois      5%         N/A       45%         3
 Ice Form                 Ice/Tmut       5%         N/A       86%         4


Dungeon Overview and Level Annotations

Branches:
Dungeon (4/15)
 Temple: D:4-7

Altars:
Xom

Shops:
D:1 :*?:?   D:3 (:

Annotations:
D:2 Sigmund
D:4 1 runed translucent door, DooooD's ghost, amateur DsIE


Innate Abilities, Weirdness & Mutations

You cannot wear most types of armour.
You are amphibious.
You can wear up to eight rings at the same time.
Your skin changes colour to match your surroundings (Stealth+).
Your rubbery body absorbs attacks. (AC +1, EV +1)
((You are camouflaged when in or above water. (Stealth+)))
You have tentacles for arms and can constrict up to eight enemies at once.


Message History

An endoplasm is nearby!
The helpless endoplasm fails to defend itself.
You hit the endoplasm. You squeeze the endoplasm.
You kill the endoplasm!
Found a stone staircase leading down.
There is a stone staircase leading down here.
t - 3 scrolls of teleportation {!d} (gained 1)
You now have 77 gold pieces (gained 11).
j - a scroll labelled WEIRAD JIGI An ogre comes into view.
It is wielding a +0 giant club.
A phantom comes into view.
You hit the phantom.
The phantom is lightly damaged.
The phantom hits you.
The phantom blinks!
You blink.
You hit the phantom but do no damage. Your squeeze misses the phantom.
The phantom is lightly damaged.
The phantom hits you!
You hit the phantom but do no damage. You squeeze the phantom!
The phantom is heavily damaged.
The phantom misses you.
You closely miss the phantom.
The phantom is heavily damaged.
The phantom hits you.
The phantom blinks!
You blink.
You hit the phantom but do no damage. Your squeeze misses the phantom.
The phantom is heavily damaged.
The phantom hits you!
The phantom blinks!
You blink.
Really read
a - 3 scrolls of fear {!r}?
You can't see any enemies this would affect, really read the scroll of fear?
Okay, then.
As you read the scroll of teleportation {!d}, it crumbles to dust.
You feel strangely unstable. The phantom hits you!
* * * LOW HITPOINT WARNING * * *
The phantom blinks!
You blink.
You hit the phantom.
The phantom is heavily damaged.
The phantom barely misses you.
You barely miss the phantom. Your squeeze misses the phantom.
The phantom is heavily damaged.
The phantom hits you!
You die...

.. ...# #..#
######..####
#..........#
#........# ###.#..#
#........# ...(...#
#........# ###....#
#.....@W.#
.......####.....:..#
###...............ยง#
......######.......#
#####.#####.....####
....................
............###.####
............# #.#
.##.......#.# #.#


You could see a phantom.

Vanquished Creatures
  Terence (D:2)
  Natasha (thrice) (D:2)
  An orc wizard (D:3)
  An adder (D:2)
  2 worms
  4 dart slugs
  2 orcs (D:3)
  5 ball pythons
  5 endoplasms
  3 giant cockroaches
  6 goblins
  5 hobgoblins
  5 kobolds
  3 quokkas
  5 bats
  6 frilled lizards
  8 rats
65 creatures vanquished.

Notes
Turn   | Place    | Note
-------+----------+-------------------------------------------
     0 | D:1      | buhh the Octopode Transmuter began the quest for the Orb.
     0 | D:1      | Reached XP level 1. HP: 13/13 MP: 3/3
   270 | D:1      | Reached XP level 2. HP: 19/19 MP: 5/5
   289 | D:1      | Reached skill level 2 in Fighting
   347 | D:1      | Found Qaqugg's Book Emporium.
   359 | D:1      | Found Ycwae's Magic Scroll Emporium.
   359 | D:1      | Found Ugobbeokk's Magic Scroll Boutique.
   365 | D:1      | Found Zoceemof's General Store.
   372 | D:1      | Bought a scroll of fear for 42 gold pieces
   494 | D:1      | Found Voyr's Book Boutique.
   584 | D:1      | Reached XP level 3. HP: 20/25 MP: 6/6
   634 | D:1      | You fall into a shaft and drop 1 floor!
   635 | D:2      | Noticed Terence
   642 | D:2      | Killed Terence
   643 | D:2      | Reached skill level 3 in Fighting
   650 | D:2      | Reached XP level 4. HP: 13/32 MP: 7/7
   882 | D:2      | Noticed Sigmund
  1283 | D:2      | Noticed Natasha
  1289 | D:2      | Killed Natasha
  1290 | D:2      | Reached skill level 4 in Fighting
  1435 | D:2      | Found a shimmering altar of Xom.
  1586 | D:2      | Noticed Natasha
  1602 | D:2      | Killed Natasha
  1603 | D:2      | Reached XP level 5. HP: 13/38 MP: 8/8
  1867 | D:2      | Noticed Natasha
  1879 | D:2      | Killed Natasha
  1880 | D:2      | Reached skill level 5 in Fighting
  2499 | D:1      | Bought a scroll of identify for 22 gold pieces
  2499 | D:1      | Bought a scroll of teleportation for 33 gold pieces
  2509 | D:1      | Bought a scroll of identify for 24 gold pieces
  2509 | D:1      | Bought a scroll of identify for 24 gold pieces
  2509 | D:1      | Bought a scroll of identify for 24 gold pieces
  3269 | D:3      | Found Zusey's Weapon Boutique.
  3374 | D:3      | Bought a +0 hunting sling for 19 gold pieces
  3438 | D:3      | Found Kueseyfy's Book Shoppe.
  3711 | D:4      | Noticed DooooD's ghost (amateur DsIE)
  3711 | D:4      | Noticed a sky beast
  3711 | D:4      | Found a runed translucent door.
  3808 | D:4      | Noticed an ogre
  3809 | D:4      | Noticed a phantom
  3823 | D:4      | Slain by a phantom

Illustrated notes

Levels and vault maps discovered:
D:1:      kilobyte_arrival_exit_the_forest, layout_loops_ring, serial_shops,
          nicolae_diamond_shop, shop_coins, shop, nicolae_square_shop,
          nicolae_shop_crystal, minmay_tetromino_o4
D:2:      layout_loops_ring, serial_aquarium, aquarium_bridge_square
          [aquarium_subvault_bridge, aquarium_subvault_balcony,
          aquarium_subvault_wall, aquarium_subvault_bridge], aquarium_window_1,
          aquarium_window_fake, aquarium_window_fake, aquarium_window_corner,
          aquarium_view_2b, aquarium_view_2f, aquarium_pool_2, basic_altar,
          minmay_unequal, uniq_natasha, uniq_terence, uniq_sigmund
D:3:      layout_basic, serial_shops, nicolae_shop_bloodbath_and_beyond,
          nicolae_shop_crystal
D:4:      layout_basic, temple_hall, ebering_ghost_inner_flame

Skill      XL: |  1  2  3  4  5 |
---------------+----------------+-----
Stealth        | 1 |  1.0
Fighting       | 2 3 4 5 |  5.5
Dodging        | |  2.0
Unarmed Combat | |  3.0
Spellcasting   | |  2.0
Transmutations | |  2.0

Action                   |  1- 3 |  4- 6 || total
-------------------------+-------+-------++-------
Melee: Unarmed           |    10 |       ||    10
       Constrict         |    12 |    17 ||    29
       Tentacles         |    10 |    13 ||    23
       Kick              |     3 |     1 ||     4
       Short sword       |    30 |    83 ||   113
       Punch             |     2 |       ||     2
 Cast: Beastly Appendage |     4 |     2 ||     6
  Use: Scroll            |       |     4 ||     4
 Stab: Sleeping          |    10 |    14 ||    24
Armor: Skin              |     1 |     9 ||    10
Dodge: Dodged            |    22 |    28 ||    50
Block: Buckler           |       |     4 ||     4
